 Dungeon Crawl Stone Soup version 0.30-a0-1050-g2766ea1e55 (webtiles) character file.

Game seed: 5920187422682953288

580 Arcadio the Grave Robber (level 7, -6/46 (49) HPs)
             Began as a Human Necromancer on Apr 10, 2023.
             Mangled by a wight
             ... wielding a +0 dire flail
              (15 damage)
             ... in an ossuary.
             The game lasted 00:11:41 (5187 turns).

Arcadio the Grave Robber (Human Necromancer)        Turns: 5187, Time: 00:11:41

HP:   -6/46 (49)    AC:  2    Str:  8    XL:     7   Next: 63%
MP:   22/22         EV: 13    Int: 18    God:
Gold: 111           SH:  0    Dex: 13    Spells: 6/14 levels left

rFire   . . .      SeeInvis .    i - +0 rapier (venom)
rCold   . . .      Faith    .    (no shield)
rNeg    . . .      Spirit   .    a - +0 robe
rPois   .          Reflect  .    (no helmet)
rElec   .          Rampage  .    (no cloak)
rCorr   .                        (no gloves)
Will    .....                    (no boots)
Stlth   ++                       (no amulet)
HPRegen 0.27/turn                o - ring of magical power
MPRegen 0.18/turn                (no ring)

@: silenced, drained
A: no striking features
a: no special abilities


You were in an ossuary.
You visited 1 branch of the dungeon, and saw 4 of its levels.
You also visited: Ossuary.

You collected 111 gold pieces.

Inventory:

Hand Weapons
 c - a +0 short sword
 i - a +0 rapier of venom (weapon)
 n - a +1 dagger of distortion
Armour
 a - a +0 robe (worn)
Jewellery
 j - an amulet of faith
 o - a ring of magical power (left hand)
Scrolls
 d - 4 scrolls of teleportation
 f - a scroll of amnesia {unknown}
 g - a scroll of vulnerability {unknown}
 h - 2 scrolls of fog {unknown}
 l - a scroll of brand weapon {unknown}
Potions
 b - a potion of magic
 p - a potion of attraction {unknown}


   Skills:
 + Level 1.9 Fighting
 + Level 4.6 Dodging
 - Level 2.0 Stealth
 + Level 4.2 Spellcasting
 + Level 5.8 Necromancy


You had 6 spell levels left.
You knew the following spells:

 Your Spells              Type           Power      Damage    Failure   Level
a - Necrotise             Necr           96%        1d8       1%          1
b - Vampiric Draining     Necr           24%        2d7       3%          3
c - Animate Dead          Necr           24%        N/A       13%         4

Your spell library contained the following spells:

 Spells                   Type           Power      Damage    Failure   Level
 Agony                    Necr           24%        N/A       34%         5
 Call Canine Familiar     Summ           3%         N/A       41%         3
 Portal Projectile        Hex/Tloc       6%         N/A       41%         3
 Leda's Liquefaction      Hex/Erth       1%         N/A       82%         4


Dungeon Overview and Level Annotations

Branches:
Dungeon (4/15) Zot: 20896 Ossuary (1/1) Zot: 3854
 Temple: D:4-7

Altars:
Dithmenos
Elyvilon

Shops:
D:3 :

Annotations:
D:3 Jessica


Message History

The water moccasin zombie bites you.
You closely miss the water moccasin zombie.
The water moccasin zombie is almost destroyed.
The water moccasin zombie barely misses you. x2
You hit the water moccasin zombie.
You destroy the water moccasin zombie!
You start resting.
HP restored.
You start waiting.
Done waiting.
You open the door.
A wight comes into view. It is wielding a +0 dire flail.
Found five items.
Found a gate leading back out of this place.
You barely miss the wight. The wight closely misses you.
You hit the wight.
The wight is lightly damaged.
The wight hits you with a +0 dire flail!
You feel drained.
You hit the wight but do no damage.
The wight is lightly damaged.
The wight closely misses you.
You hit the wight.
The wight is heavily damaged.
The wight closely misses you.
The wight hits you with a +0 dire flail!
You feel drained.
You closely miss the wight.
The wight is heavily damaged.
The wight misses you.
You hit the wight but do no damage.
The wight is heavily damaged.
The wight closely misses you. The wight attacks as you move away!
The wight hits you with a +0 dire flail!
* * * LOW HITPOINT WARNING * * *
You hit the wight but do no damage.
The wight is heavily damaged.
The wight hits you with a +0 dire flail!
You die...

####### #....∩# #....∩#
######'''############
##........#..........##
##.........#...........##
##..........#............##
#...........#.z...........#
#....⌠......#'#@.....⌠....#
#...⌠#⌠....##.##....⌠#⌠...#
#....⌠...####. ###...⌠....#
#.......## #. ##.......#
#......## ?$ ##......#
#......# ?! #......#
#.....## !∩ ##.....#
###...# #...### #'''# #'''#


You could see a wight.

Vanquished Creatures
  Sigmund (D:2)
  A water moccasin zombie (Ossuary)
  A bullfrog zombie (Ossuary)
  5 centaur zombies (Ossuary)
  Natasha (D:2)
  An ogre zombie (Ossuary)
  A mummy (D:4)
  4 adders
  2 adder zombies (Ossuary)
  2 orcs (D:3)
  4 ball pythons
  2 endoplasms
  6 giant cockroaches
  3 gnoll zombies (Ossuary)
  8 hobgoblins
  3 jackals (D:1)
  2 quokkas
  3 bats
  3 frilled lizards
  3 goblins (D:2)
  4 goblin zombies (Ossuary)
  7 hobgoblin zombies (Ossuary)
  6 kobolds
  2 orc zombies (Ossuary)
  A rat (D:1)
76 creatures vanquished.

Vanquished Creatures (collateral kills)
  A bat (D:1)
  An endoplasm (D:1)
2 creatures vanquished.

Grand Total: 78 creatures vanquished

Notes
Turn   | Place    | Note
-------+----------+-------------------------------------------
     0 | D:1      | Arcadio the Human Necromancer began the quest for the Orb.
     0 | D:1      | Reached XP level 1. HP: 13/13 MP: 3/3
   103 | D:1      | Reached XP level 2. HP: 19/19 MP: 0/5
   366 | D:1      | Reached XP level 3. HP: 24/24 MP: 3/6
  1178 | D:2      | Reached XP level 4. HP: 30/30 MP: 3/7
  1287 | D:2      | Noticed Sigmund
  1535 | D:2      | HP: 1/30 [Sigmund/magic dart (6)]
  1536 | D:2      | Killed Sigmund
  1537 | D:2      | Reached skill level 5 in Necromancy
  1537 | D:2      | Reached XP level 5. HP: 1/35 MP: 7/10
  1537 | D:2      | Reached XP level 6. HP: 1/41 MP: 7/11
  1919 | D:2      | Noticed Natasha
  1929 | D:2      | Killed Natasha
  2180 | D:3      | Found a white marble altar of Elyvilon.
  2602 | D:3      | Learned a level 3 spell: Vampiric Draining
  2607 | D:3      | Learned a level 4 spell: Animate Dead
  2665 | D:3      | Found Yplen's Book Emporium.
  2857 | D:3      | Found a shadowy altar of Dithmenos.
  2894 | D:3      | Noticed Jessica
  3002 | D:4      | Found a sand-covered staircase.
  3085 | Ossuary  | Entered an ossuary
  3594 | Ossuary  | Reached XP level 7. HP: 47/47 MP: 12/12
  3709 | Ossuary  | Reached skill level 1 in Fighting
  5187 | Ossuary  | Mangled by a wight

Illustrated notes

Levels and vault maps discovered:
D:1:      dpeg_arrival_short_road, layout_basic, minivault_26,
          minmay_misc_feat_encased, minivault_4
D:2:      layout_basic, uniq_sigmund, uniq_natasha
D:3:      layout_loops_corners, grunt_dithmenos_smoke, elyvilon_altar_1,
          serial_shops, shop, serial_bayou_pond_d, uniq_jessica
D:4:      layout_basic, trog_three_pillars_becter, temple_statues,
          gup_ossuary_entry_pyramid, minmay_starry_boxes
Ossuary:  ossuary_hellmonk_silent_tomb

Skill      XL: |  1  2  3  4  5  6  7 |
---------------+----------------------+-----
Dodging        | 3 4 |  4.6
Spellcasting   | 3 4 |  4.2
Necromancy     | 5 |  5.8
Fighting       | 1 |  1.9
Stealth        | |  2.0

Action                     |  1- 3 |  4- 6 |  7- 9 || total
---------------------------+-------+-------+-------++-------
  Melee: Short sword       |    28 |       |       ||    28
         Rapier            |     9 |   134 |   147 ||   290
         Punch             |       |       |     3 ||     3
   Cast: Necrotise         |    37 |    20 |       ||    57
    Use: Potion            |       |     3 |     2 ||     5
         Scroll            |       |     3 |     1 ||     4
   Stab: Sleeping          |       |     2 |       ||     2
 Armour: Robe              |     9 |    33 |    58 ||   100
  Dodge: Dodged            |    34 |   120 |   175 ||   329

Table legend: (Time is in decaauts)
 A = Elapsed time spent in this place.
 B = Non-inter-level travel time spent in this place.
 C = Inter-level travel time spent in this place.
 D = Time resting spent in this place.
 E = Time spent auto-exploring this place.
 F = Levels seen in this place.
 G = Mean time per level.
                   A        B        C        D        E       F      G
               +--------+--------+--------+--------+--------+-----+--------+
         Total |   5247 |   5135 |    112 |   1967 |   2090 |   5 | 1049.4 |
       Dungeon |   3103 |   2991 |    112 |    362 |   2090 |   4 |  775.8 |
       Ossuary |   2144 |   2144 |      0 |   1605 |      0 |   1 | 2144.0 |
               +--------+--------+--------+--------+--------+-----+--------+

Top non-repeatable levels by time:
 Ossuary: 2144 daAuts
     D:2: 1116 daAuts
     D:1: 1038 daAuts
     D:3: 808 daAuts
     D:4: 139 daAuts
